Map: Chantier naval orbital

Players

dsVoLt

  • Race: Zerg Zerg
  • League: Master

DamDam - Winner!

  • Race: Terran Terran
  • League: Diamond

VOD

Have the link to the VOD?

Description

Time

  • Played on: Feb. 19, 2016, 11:42 a.m.
  • Length: 11:51
Show
View Real Time Build Order
Export as new Build Order

dsVoLt Zerg 

Build Orders: Hatch First, Muta Ling Bane 

Get SALT Encoding   

  12  0:01  Drone  
  13  0:13  Overlord  
  13  0:18  Drone  
  14  0:31  Drone x2  
  16  0:36  Drone  
  17  0:54  Hatchery  
  17  0:57  Drone  
  17  1:04  Extractor  
  16  1:05  Drone  
  17  1:16  Spawning Pool  
  16  1:20  Drone  
  16  1:23  Drone  
  18  1:29  Drone  
  19  1:41  Drone  
  20  1:50  Overlord  
  20  2:02  Drone  
  20  2:07  Metabolic Boost  
  21  2:11  Drone  
  21  2:12  Queen x2  
  21  2:14  Drone  
  27  2:17  Zergling x2  
  28  2:24  Drone  
  28  2:29  Zergling x2  
  30  2:41  Spore Crawler  
  29  2:45  Extractor  
  29  2:52  Drone  
  29  2:53  Drone x3  
  29  2:56  Drone  
  35  3:01  Overlord  
  35  3:19  Queen x2  
  39  3:23  Drone x2  
  39  3:24  Drone  
  39  3:25  Drone x2  
  39  3:26  Overlord  
  44  3:36  Hatchery  
  44  3:38  Drone  
  44  3:40  Overlord x2  
  44  3:52  Baneling Nest  
  43  4:07  Drone  
  43  4:08  Drone x4  
  43  4:09  Overlord  
  48  4:10  Drone x2  
  48  4:11  Drone x2  
  48  4:14  Hatchery  
  53  4:22  Drone x2  
  53  4:24  Drone x2  
  57  4:27  Extractor  
  57  4:28  Extractor  
  57  4:29  Extractor  
  54  4:31  Queen  
  54  4:34  Lair  
  52  4:46  Zergling x16  
  59  5:00  Zergling x8  
  63  5:13  Spore Crawler  
  62  5:15  Spore Crawler  
  62  5:17  Drone x4  
  62  5:18  Queen  
  66  5:32  Drone x2  
  66  5:33  Drone  
  66  5:35  Queen  
  71  5:43  Drone x3  
  71  5:44  Drone  
  75  5:53  Overseer, Queen  
  77  5:58  Drone x5  
  77  5:59  Drone  
  83  6:05  Overlord x3  
  83  6:06  Overlord x2  
  83  6:18  Drone x4  
  87  6:19  Centrifical Hooks  
  87  6:24  Evolution Chamber x2  
  85  6:30  Burrow  
  85  6:31  Drone x5  
  80  6:40  Zergling x10  
  85  6:51  Zerg Melee Weapons Level 1, Zerg Ground Armor Level 1  
  85  6:54  Extractor  
  84  6:55  Extractor  
  84  6:56  Zergling x10  
  87  7:05  Baneling  
  87  7:06  Zergling x2, Baneling x5  
  87  7:07  Zergling x10  
  93  7:08  Zergling x2  
  93  7:09  Zergling x2  
  93  7:14  Overseer  
  93  7:15  Overseer  
  95  7:18  Hatchery  
  91  7:25  Zergling x14  
  90  7:34  Zergling x8  
  90  7:35  Zergling x6  
  97  7:42  Baneling x9  
  97  7:43  Zergling x20  
  107  7:45  Zergling x4  
  104  7:56  Zergling x8  
  101  7:58  Baneling  
  101  7:59  Baneling x8  
  101  8:03  Drone x5  
  106  8:10  Infestation Pit  
  106  8:11  Queen x2  
  109  8:13  Zergling x6  
  100  8:24  Spire  
  96  8:29  Drone x8  
  104  8:40  Drone  
  104  8:41  Drone x9  
  114  8:44  Baneling  
  112  8:48  Zergling x2  
  112  8:49  Zergling x12  
  106  9:22  Zergling x8  
  106  9:23  Zergling x10  
  115  9:29  Extractor x2  
  113  9:33  Zerg Ground Armor Level 2, Zerg Melee Weapons Level 2  
  113  9:36  Zergling x12  
  113  9:37  Zergling x2  
  120  9:43  Mutalisk x2  
  120  9:44  Hatchery  
  123  9:45  Overlord  
  123  9:46  Overlord x2  
  123  10:06  Mutalisk x11  
  145  10:10  Zergling x10  
  148  10:22  Baneling x14  
  148  10:25  Zergling x4  
  146  10:31  Zergling x22  
  144  10:37  Overlord  
  144  10:38  Overlord x2  
  144  10:47  Overlord  
  144  10:48  Overlord x10  
  139  10:56  Zergling x2  
  114  10:57  Zergling x10  
  107  11:06  Zergling x14  
  108  11:14  Mutalisk x5  
  108  11:16  Baneling  
  108  11:17  Baneling x9  
  108  11:18  Zergling x2  
  118  11:20  Baneling x5  
  118  11:21  Baneling  
  118  11:27  Zergling x10  
  118  11:31  Zergling x2  
Show
View Real Time Build Order
Export as new Build Order

DamDam Terran - Winner!

Build Orders: Reaper Expand, MMM Bio 

Get SALT Encoding   

  12  0:01  SCV  
  13  0:13  SCV  
  14  0:17  Supply Depot  
  14  0:25  SCV  
  15  0:39  SCV  
  15  0:40  Barracks  
  16  0:47  Refinery  
  16  0:51  SCV  
  17  1:03  SCV  
  18  1:15  SCV  
  19  1:30  Reaper  
  19  1:32  Orbital Command  
  20  1:41  Command Center  
  20  1:53  Supply Depot  
  20  1:58  SCV  
  21  2:02  Refinery, Marine  
  22  2:10  Factory  
  22  2:18  SCV  
  22  2:22  Marine  
  24  2:30  SCV  
  25  2:42  SCV  
  26  2:48  Marine  
  27  2:54  Factory Reactor, SCV  
  27  2:57  Starport  
  28  2:59  Orbital Command  
  28  3:06  SCV  
  28  3:12  Marine  
  30  3:17  Supply Depot  
  30  3:18  SCV  
  31  3:26  SCV  
  32  3:30  SCV  
  33  3:35  Widow Mine  
  33  3:36  Medivac, Widow Mine  
  33  3:40  SCV  
  40  3:47  SCV  
  41  3:50  Command Center  
  41  4:00  Barracks Tech Lab  
  40  4:03  SCV  
  40  4:04  Widow Mine  
  40  4:06  Medivac  
  40  4:08  Engineering Bay  
  45  4:18  SCV  
  45  4:19  SCV  
  47  4:25  Barracks  
  47  4:26  Barracks  
  47  4:28  Marine  
  47  4:29  Widow Mine  
  47  4:30  SCV  
  47  4:31  SCV  
  52  4:42  SCV  
  52  4:43  SCV  
  54  5:01  Medivac, Widow Mine x2, Marine  
  60  5:11  Orbital Command  
  60  5:13  Supply Depot  
  60  5:14  Terran Infantry Weapons Level 1  
  55  5:18  Supply Depot  
  55  5:19  Marine  
  55  5:21  Supply Depot, Barracks Tech Lab, Barracks Reactor  
  56  5:22  Barracks Reactor  
  56  5:25  Stimpack  
  57  5:28  SCV x2  
  58  5:37  Orbital Command, Marine  
  58  5:40  Supply Depot, SCV x2  
  57  5:44  Supply Depot  
  57  5:49  Factory Tech Lab  
  57  5:52  SCV x2  
  57  5:55  Marine  
  60  6:01  Engineering Bay  
  60  6:02  Armory  
  60  6:03  Marine x2  
  60  6:04  SCV, Marine  
  62  6:05  SCV  
  62  6:10  SCV  
  66  6:12  Marine  
  66  6:15  Refinery  
  66  6:16  SCV  
  66  6:17  Refinery, SCV  
  69  6:20  Marine  
  69  6:21  Marine  
  69  6:22  SCV  
  72  6:29  SCV x2  
  72  6:30  Marine  
  75  6:34  Marine x2  
  75  6:35  Medivac, SCV  
  82  6:41  SCV x2  
  85  6:47  Terran Infantry Armor Level 1, SCV  
  85  6:48  Marine  
  85  6:51  Marine  
  85  6:52  Marine x3  
  85  6:53  SCV x2  
  92  6:59  Siege Tank, SCV  
  92  7:00  Medivac  
  96  7:03  Refinery  
  96  7:04  Refinery  
  96  7:05  SCV x2  
  96  7:06  Marauder  
  96  7:08  Supply Depot  
  100  7:09  Marine x2  
  100  7:11  SCV  
  100  7:12  Supply Depot  
  101  7:17  SCV  
  101  7:19  Marine x2  
  101  7:21  Terran Vehicle And Ship Armor Level 1  
  101  7:22  Medivac  
  105  7:27  Marine  
  105  7:29  Barracks  
  99  7:31  Supply Depot  
  99  7:32  Barracks  
  99  7:34  Barracks  
  99  7:37  Combat Shields  
  99  7:42  Marine x4  
  99  7:43  Medivac, Widow Mine  
  107  7:45  Marine  
  107  7:54  Supply Depot  
  107  7:58  Medivac  
  104  8:00  Marine x4  
  104  8:03  Marine  
  111  8:15  Marine  
  111  8:17  Marine  
  111  8:18  Marauder, Marine x2  
  110  8:20  Marine  
  104  8:33  Siege Tank  
  103  8:35  Marine x2  
  103  8:36  Barracks Reactor x2, Marine  
  103  8:38  Barracks Tech Lab, Marine  
  103  8:39  SCV x2  
  103  8:40  Marauder  
  105  8:53  Marine x3  
  100  8:56  Marine  
  100  9:01  Marauder  
  97  9:03  Marine  
  97  9:05  Siege Tank  
  99  9:11  Marine x3  
  99  9:14  Marine  
  103  9:19  Command Center  
  103  9:20  Marine  
  103  9:22  Marauder  
  103  9:23  Marine  
  103  9:24  Marine x3  
  105  9:29  Marine x3  
  107  9:31  SCV  
  107  9:32  SCV x2, Marine  
  107  9:35  Barracks  
  107  9:36  Barracks  
  107  9:37  Siege Tank  
  114  9:38  Marine  
  114  9:41  Barracks, Marine x3  
  114  9:42  Marine  
  114  9:43  SCV  
  114  9:44  SCV, Marauder  
  123  9:46  Marine  
  123  9:47  Marine x2  
  123  9:49  Marine  
  123  9:51  Terran Vehicle Weapons Level 1  
  127  9:57  Marauder  
  127  9:59  Marine  
  130  10:07  Marine x8  
  130  10:09  Siege Tank  
  141  10:27  Marine x2  
  141  10:29  Marine x3  
  141  10:30  Medivac, Marine x4  
  141  10:31  Marauder  
  148  10:41  Siege Tank  
  151  10:44  Marine  
  151  10:45  Marine  
  151  10:46  Marine  
  151  10:47  Marine x2  
  151  10:48  Marine x3  
  156  10:50  Marine  
  156  10:51  Medivac  
  156  10:54  Marauder  
  154  11:02  Marine  
  154  11:03  Marine  
  155  11:04  Marine  
  155  11:43  Barracks Reactor x2, Barracks Tech Lab  
  155  11:45  Command Center  
Tags
 
Add a new tag
Caveats
  • Supply blocks, unpowered buildings, or Contaminate may cause inaccurate times.
  • Supply counts are checked every 10 seconds.